 Dungeon Crawl Stone Soup version 0.19-a0-526-gbe2e51c (webtiles) character file.

6 tyrsky the Gusty (level 1, -2/14 HPs)
             Began as a Draconian Air Elementalist on June 7, 2016.
             Slain by an adder (5 damage)
             ... on level 2 of the Dungeon.
             The game lasted 00:01:13 (500 turns).

tyrsky the Gusty (Draconian Air Elementalist)        Turns: 500, Time: 00:01:14

Health: -2/14      AC:  4    Str: 10    XL:     1   Next: 75%
Magic:  0/3        EV: 12    Int: 15    God:
Gold:   0          SH:  0    Dex: 11    Spells: 1 memorised, 3 levels left

rFire  . . .     SeeInvis .     (no weapon)
rCold  . . .     Gourm    .     (armour unavailable)
rNeg   . . .     Faith    .     (no shield)
rPois  .         Spirit   .     (helmet restricted)
rElec  .         Dismiss  .     (no cloak)
rCorr  .         Reflect  .     (no gloves)
SustAt .         Harm     .     (no boots)
MR     .....                    (no amulet)
Stlth  +.........               (no ring)
                                (no ring)

@: very slightly contaminated, not resistant to hostile enchantments, very
unstealthy
A: unfitting armour, antennae 1, hooves 1, stinger 1, cold-blooded, AC +4
a: no special abilities


You were on level 2 of the Dungeon.
You were not hungry.

You visited 1 branch of the dungeon, and saw 2 of its levels.

Inventory:

Scrolls
 c - a scroll of random uselessness {unknown}
 d - a scroll of fog {unknown}
Books
 a - a book of Air

   Spells                             Type                      Level
   a - Shock                          Conjuration/Air              1
   b - Swiftness                      Charms/Air                   2
   c - Repel Missiles                 Charms/Air                   2
   d - Static Discharge               Conjuration/Air              3
   e - Lightning Bolt                 Conjuration/Air              5
 f - a Young Poisoner's Handbook

   Spells                             Type                      Level
   a - Sting                          Conjuration/Poison           1
   b - Cure Poison                    Poison                       2
   c - Mephitic Cloud                 Conjuration/Poison/Air       3
   d - Olgreb's Toxic Radiance        Poison                       4
   e - Venom Bolt                     Conjuration/Poison           5
Comestibles
 b - 2 bread rations


   Skills:
 - Level 1.7 Dodging
 - Level 1.7 Stealth
 + Level 2.1 Spellcasting
 + Level 1.2 Conjurations
 + Level 3.2 Air Magic


You had 3 spell levels left.
You knew the following spells:

 Your Spells              Type           Power        Failure   Level  Hunger
a - Shock                 Conj/Air       #...         12%         1    #......


Dungeon Overview and Level Annotations

Branches:
Dungeon (2/15)

Altars:
Dithmenos

Annotations:
D:2 Terence


Innate Abilities, Weirdness & Mutations

Your plain brown scales are hard. (AC +4)
Your body does not fit into most forms of armour.
You are cold-blooded and may be slowed by cold attacks.
You have a pair of small antennae on your head.
You have large cloven feet.
Your tail ends in a poisonous barb.


Message History

The adder completely misses you. x2
Casting: Shock
Confirm with . or Enter, or press ? or * to list all spells.
You don't have enough magic to cast that spell.
You barely miss the adder.
The adder is moderately wounded.
The adder barely misses you.
Casting: Shock
Confirm with . or Enter, or press ? or * to list all spells.
You don't have enough magic to cast that spell.
It was a potion of mutation.
You feel extremely strange.
Your feet thicken and deform.
A poisonous barb forms on the end of your tail.
A pair of antennae grows on your head! The adder bites you.
* * * LOW HITPOINT WARNING * * *
You barely miss the adder. Your kick misses the adder.
The adder is moderately wounded.
The adder bites you.
You die...

##.# #...(...#
##..## .
#.......#####.##
###.##
#.......#.....#
#.....
#.......#.#####
#.....
#.......#.#
#.....
#.......#.#
#.....
#########.#
......########
#.# #....Sd.#
#.# #.#####.##
#.# #....# #...#
#.# ######
#...####.#
#........#
##########


You could see an adder.

Vanquished Creatures
  A giant cockroach (D:2)
  A goblin (D:2)
  A quokka (D:2)
  A giant newt (D:2)
  2 rats
6 creatures vanquished.

Notes
Turn   | Place    | Note
--------------------------------------------------------------
     0 | D:1      | tyrsky the Draconian Air Elementalist began the quest for the Orb.
     0 | D:1      | Reached XP level 1. HP: 14/14 MP: 3/3
   168 | D:2      | Noticed Terence
   400 | D:2      | Found a shadowy altar of Dithmenos.
   499 | D:2      | Gained mutation: You have large cloven feet. [potion of mutation]
   499 | D:2      | Gained mutation: Your tail ends in a poisonous barb. [potion of mutation]
   499 | D:2      | Gained mutation: You have a pair of small antennae on your head. [potion of mutation]
   500 | D:2      | Slain by an adder

Vault maps used:
D:1:      dpeg_arrival_sounds_slurp, minmay_misc_feat_iff
D:2:      kennysheep_goblin_castle, grunt_dithmenos_smoke, uniq_sigmund,
          uniq_terence

Action                   || total
-------------------------++-------
Melee: Unarmed           ||    19
       Tailslap          ||     2
 Cast: Shock             ||    14
  Use: Potion            ||     1
Armor: Skin              ||    14
Dodge: Dodged            ||    46
